 Dungeon Crawl Stone Soup version 0.21.0-3-g78d12a8 (webtiles) character file.

150 Dfrag the Firebug (level 5, 8/35 HPs)
             Began as a Demonspawn Fire Elementalist on Jan 10, 2018.
             Quit the game on level 3 of the Dungeon.
             The game lasted 00:03:26 (1888 turns).

Dfrag the Firebug (Demonspawn Fire Elementalist)    Turns: 1888, Time: 00:03:27

Health: 8/35       AC:  2    Str:  8    XL:     5   Next: 10%
Magic:  5/9        EV: 12    Int: 17    God:
Gold:   122        SH:  0    Dex: 14    Spells: 9/10 levels left

rFire    . . .     SeeInvis .   n - +0 whip (drain)
rCold    + . .     Gourm    .   (no shield)
rNeg     . . .     Faith    .   a - +0 robe
rPois    .         Spirit   .   (no helmet)
rElec    .         Reflect  .   (no cloak)
rCorr    +         Harm     +   (no gloves)
MR       .....                  (no boots)
Stlth    ++........             m - amulet of harm
HPRegen  0.11/turn              h - ring of resist corrosion
MPRegen  0.11/turn              j - ring of protection from cold

@: seriously poisoned (8 -> 2)
A: hooves 1, spiny 1
a: no special abilities


You were on level 3 of the Dungeon.
You were not hungry.

You visited 1 branch of the dungeon, and saw 3 of its levels.

You collected 122 gold pieces.

Inventory:

Hand Weapons
 n - a +0 whip of draining (weapon)
Armour
 a - a +0 robe (worn)
Jewellery
 h - a ring of resist corrosion (left hand)
 j - a ring of protection from cold (right hand)
 m - an amulet of harm (around neck)
Scrolls
 f - 3 scrolls of noise {unknown}
 i - a scroll of blinking {unknown}
 k - 2 scrolls of remove curse {unknown}
Potions
 d - a potion of ambrosia {unknown}
 e - 2 potions of curing {unknown}
 g - a potion of lignification {unknown}
Books
 b - a book of Flames

   Spells                             Type                      Level
   a - Flame Tongue                   Conjuration/Fire             1
   b - Throw Flame                    Conjuration/Fire             2
   c - Conjure Flame                  Conjuration/Fire             3
   d - Inner Flame                    Hexes/Fire                   3
   e - Sticky Flame                   Conjuration/Fire             4
   f - Fireball                       Conjuration/Fire             5
Comestibles
 c - 2 rations
 l - 2 chunks of flesh


   Skills:
 - Level 1.7 Dodging
 - Level 1.7 Stealth
 + Level 3.2 Spellcasting
 + Level 2.9 Conjurations
 + Level 3.7 Fire Magic


You had 9 spell levels left.
You knew the following spells:

 Your Spells              Type           Power        Failure   Level  Hunger
a - Flame Tongue          Conj/Fire      ##...        4%          1    None


Dungeon Overview and Level Annotations

Branches:
Dungeon (3/15)

Altars:
Elyvilon
Okawaru
Trog


Innate Abilities, Weirdness & Mutations

You have large cloven feet.
You are partially covered in sharp spines.


Message History

The orc wizard is severely wounded.
The orc wizard hits you with a dagger of venom.
* * * LOW HITPOINT WARNING * * *
You are lethally poisoned!
Casting: Flame Tongue
Confirm with . or Enter, or press ? or * to list all spells.
Aiming: Flame Tongue
Press: ? - help, Shift-Dir - straight line, f/p - orc wizard
Aim: an orc wizard, wielding a dagger of venom and wearing a robe (severely wounded)
The flame tongue hits the orc wizard.
You kill the orc wizard!
You have reached level 5!
Your demonic ancestry asserts itself...
Sharp spines emerge from parts of your body.
You feel sick.
Casting: Flame Tongue
Confirm with . or Enter, or press ? or * to list all spells.
You can't see any susceptible monsters within range! (Use Z to cast anyway.) Unknown command.
Are you sure you want to abandon this character and quit the game? (Confirm with "yes".)

....#...#.... ########..####.
....#.......#.#..............#
.........##..........##....###
###.)..###...>....o#.# .##.#
##..## #.....###)#.# .# #
###..# #.... #†#.. .#
##....####.. #.###..#
.........#.#######.# ...
##....##.#.#..).@).# ).
#.##........####### #.# ...
##......## ### #......[.#
#...#.#..#.(# ..###<##.##..#
.## #. #.. #... .. #... #... .
###. ...


There were no monsters in sight!

Vanquished Creatures
  An orc wizard (D:3)
  5 adders
  2 worms
  4 dart slugs
  A leopard gecko (D:3)
  4 orcs (D:3)
  2 giant cockroaches (D:1)
  4 goblins
  3 hobgoblins (D:1)
  5 jackals
  9 kobolds
  A quokka (D:2)
  2 ball pythons
  10 bats
  7 rats
60 creatures vanquished.

Vanquished Creatures (others)
  An adder (D:2)
1 creature vanquished.

Grand Total: 61 creatures vanquished

Notes
Turn   | Place    | Note
-------+----------+-------------------------------------------
     0 | D:1      | Dfrag the Demonspawn Fire Elementalist began the quest for the Orb.
     0 | D:1      | Reached XP level 1. HP: 13/13 MP: 3/3
   178 | D:1      | Gained mutation: You have large cloven feet. [demonic ancestry]
   178 | D:1      | Reached XP level 2. HP: 8/19 MP: 0/5
   667 | D:1      | Reached XP level 3. HP: 24/24 MP: 0/6
  1212 | D:2      | Found a white marble altar of Elyvilon.
  1304 | D:2      | Reached XP level 4. HP: 7/30 MP: 2/8
  1632 | D:2      | Found an iron altar of Okawaru.
  1639 | D:2      | Found a bloodstained altar of Trog.
  1887 | D:3      | Gained mutation: You are partially covered in sharp spines. [demonic ancestry]
  1887 | D:3      | Reached XP level 5. HP: 9/35 MP: 5/9
  1888 | D:3      | Quit the game

Skill      XL: |  1  2  3  4 |
---------------+-------------+-----
Fire Magic     | 3 |  3.7
Conjurations   | 2 |  2.9
Spellcasting   | 3 |  3.2
Dodging        | |  1.7
Stealth        | |  1.7

Action                   |  1- 3 |  4- 6 || total
-------------------------+-------+-------++-------
Melee: Unarmed           |    77 |       ||    77
       Kick              |    10 |     5 ||    15
       Whip              |       |    19 ||    19
 Cast: Flame Tongue      |    75 |    29 ||   104
  Eat: Chunk             |     2 |     2 ||     4
Armor: Robe              |    23 |     3 ||    26
Dodge: Dodged            |    85 |    18 ||   103
